 Dungeon Crawl Stone Soup version 0.19-a0-872-g3103843 (webtiles) character file.

8852 stupendous the Fighter (level 11, -3/102 HPs)
             Began as a Minotaur Fighter on July 4, 2016.
             Was a High Priest of Okawaru.
             Splashed by an oklob plant's acid (15 damage)
             ... on level 9 of the Dungeon.
             The game lasted 00:35:23 (9605 turns).

stupendous the Fighter (Minotaur Fighter)           Turns: 9605, Time: 00:35:25

Health: -3/102     AC:  4    Str: 25    XL:     11   Next: 15%
Magic:  10/10      EV:  9    Int:  5    God:    Okawaru [*****.]
Gold:   333        SH: 15    Dex:  9    Spells: 0 memorised, 10 levels left

rFire  . . .     SeeInvis .     w - +0 scimitar
rCold  + . .     Gourm    .     b - +0 scale mail
rNeg   . . .     Faith    .     c - +1 shield
rPois  +         Spirit   .     (helmet restricted)
rElec  .         Dismiss  .     O - +0 cloak
rCorr  .         Reflect  +     y - +0 pair of gloves
SustAt .         Harm     .     (no boots)
MR     .....                    s - +2 amulet of reflection
Stlth  ..........               r - ring of poison resistance
                                B - ring of protection from cold

@: corroded, not resistant to hostile enchantments, extremely unstealthy
A: retaliatory headbutt, horns 2
a: Heroism, Finesse, Renounce Religion


You were on level 9 of the Dungeon.
You worshipped Okawaru.
Okawaru was extremely pleased with you.
You were hungry.

You visited 2 branches of the dungeon, and saw 10 of its levels.

You collected 333 gold pieces.

Inventory:

Hand Weapons
 w - a +0 scimitar (weapon)
Armour
 b - a +0 scale mail (worn)
 c - a +1 shield (worn)
 v - a +0 large shield
 y - a +0 pair of gloves (worn)
 O - a +0 cloak (worn)
Jewellery
 n - an uncursed amulet of magic regeneration
 o - an uncursed ring of protection from fire
 r - a ring of poison resistance (right hand)
 s - a +2 amulet of reflection (around neck)
 u - an uncursed ring of positive energy
 B - a ring of protection from cold (left hand)
Wands
 p - a wand of paralysis (24/24)
Scrolls
 e - 5 scrolls of teleportation
 g - 5 scrolls of remove curse
 h - 2 scrolls of fear
 D - 3 scrolls of enchant armour
Potions
 d - 2 potions of might
 j - a potion of beneficial mutation
 l - 3 potions of brilliance
 q - 2 potions of mutation
 t - a potion of heal wounds
 x - 3 potions of haste
 z - 6 potions of curing
 F - a potion of ambrosia
 K - a potion of flight {unknown}
 L - a potion of lignification {unknown}
Comestibles
 a - 11 royal jellies
 f - 8 bread rations
 i - 9 fruits
 k - 2 chunks of flesh
 A - 2 beef jerkies
 E - 10 slices of pizza
 G - 4 meat rations


   Skills:
 + Level 11.0 Fighting
 + Level 10.8 Long Blades
 + Level 11.0 Armour
 + Level 10.7 Shields


You had 10 spell levels left.
You didn't know any spells.

Dungeon Overview and Level Annotations

Branches:
Dungeon (9/15)             Temple (1/1) D:5
   Lair: D:8-11         Orc: D:9-12

Altars:
Ashenzari
Cheibriados
Dithmenos
Elyvilon
Fedhas
Gozag
Hepliaklqana
Kikubaaqudgha
Makhleb
Nemelex Xobeh
Okawaru
Pakellas
Qazlal
Ru
Sif Muna
Trog
Uskayaw
Vehumet
Xom
Yredelemnul
Zin
The Shining One

Annotations:
D:9 exclusion: 2 oklob plants


Innate Abilities, Weirdness & Mutations

You reflexively headbutt those who attack you in melee.
You have a pair of horns on your head.


Message History

You headbutt the oklob plant, but do no damage.
The oklob plant is heavily damaged.
The oklob plant spits acid at you. The splash of acid hits you!
The acid corrodes you!
The acid burns!
You slash the oklob plant!
You headbutt the oklob plant, but do no damage.
The oklob plant is heavily damaged.
You are feeling hungry.
You hit the oklob plant but do no damage.
The oklob plant is heavily damaged.
The oklob plant spits acid at you. The splash of acid hits you!
The acid burns!
* * * LOW HITPOINT WARNING * * *
You hit the oklob plant but do no damage.
The oklob plant is heavily damaged.
The oklob plant spits acid at you. The splash of acid hits you!
* * * LOW HITPOINT WARNING * * *
The acid burns!
You die...

.# ##. #.. ####'#####
♣♣ #####+##
.........♣♣♣♣.♣♣
.........
..........♣♣.♣.♣♣ ♣♣
.........
........+♣.♣♣.♣.♣♣P♣
.........
........#♣.♣.♣♣..%$♣
.........
....>...#♣♣.♣♣♣♣@_%♣
.........
......<.#♣.♣.♣♣P$%♣♣
......... ........#♣♣
♣♣♣♣♣♣♣ .........
........# ♣♣♣ ######'#
........# #.### #.#
#####.### #...## #..
####..#### ###..# ##.
.........# ##.#
#########'
.........##########÷##
#.........


You could see 2 oklob plants.

Vanquished Creatures
  The ghost of Rohain the Grappler, a novice TrMo (D:8)
  A hill giant (D:8)
  Pikel (D:7)
  Joseph (D:7)
  A queen bee (D:9)
  Grinder (D:3)
  A slime creature (D:7)
  A spriggan (D:8)
  A hungry ghost (D:8)
  Menkaure (D:7)
  A mottled dragon (D:8)
  4 sky beasts
  2 black bears
  An ice beast (D:7)
  An eye of draining (D:8)
  A necrophage (D:9)
  3 orc warriors
  4 ogres
  2 centaurs
  The ghost of minmay the Slasher, an amateur DECK of Xom (D:3)
  A big kobold (D:8)
  6 giant frogs
  A wyvern zombie (D:7)
  2 wyvern skeletons
  A scorpion (D:8)
  A water moccasin skeleton (D:6)
  37 killer bees
  5 wights (D:6)
  2 howler monkeys
  2 crimson imps
  A quasit (D:8)
  2 centaur zombies
  A giant frog zombie (D:6)
  7 jellies
  4 orc priests
  A gnoll shaman (D:9)
  7 hounds
  Ijyb (D:2)
  2 iguanas
  6 orc wizards
  8 worker ants
  A killer bee zombie (D:6)
  3 hound skeletons
  A howler monkey zombie (D:5)
  A worker ant zombie (D:8)
  Robin (D:2)
  9 gnolls
  14 adders
  A howler monkey skeleton (D:4)
  13 oozes (D:7)
  An adder skeleton (D:7)
  6 worms
  4 dart slugs
  4 giant geckos
  29 orcs
  3 bats
  5 giant cockroaches
  16 goblins
  8 hobgoblins
  7 jackals
  30 kobolds
  2 quokkas
  A giant gecko skeleton (D:4)
  5 giant newts
  A quokka skeleton (D:5)
  8 rats
  2 plants (D:8)
304 creatures vanquished.

Vanquished Creatures (others)
  A giant cockroach (D:7)
  5 fungi (D:7)
  3 plants (D:8)
9 creatures vanquished.

Grand Total: 313 creatures vanquished

Notes
Turn   | Place    | Note
-------+----------+-------------------------------------------
     0 | D:1      | stupendous the Minotaur Fighter began the quest for the Orb.
     0 | D:1      | Reached XP level 1. HP: 19/19 MP: 0/0
   227 | D:1      | Reached XP level 2. HP: 27/27 MP: 1/1
   761 | D:2      | Noticed Robin
   781 | D:1      | Reached XP level 3. HP: 13/33 MP: 2/2
   995 | D:2      | Killed Robin
  1212 | D:2      | Found a sacrificial altar of Ru.
  1220 | D:2      | Found a shimmering altar of Xom.
  1311 | D:2      | Reached XP level 4. HP: 40/40 MP: 3/3
  1802 | D:2      | Noticed Ijyb
  1807 | D:2      | Reached XP level 5. HP: 35/47 MP: 4/4
  1814 | D:2      | Killed Ijyb
  1993 | D:2      | Reached skill level 5 in Armour
  2116 | D:3      | Noticed minmay's ghost (amateur DECK)
  2321 | D:3      | Reached skill level 5 in Fighting
  2342 | D:3      | Paralysed by minmay's ghost for 2 turns
  2343 | D:3      | Killed minmay's ghost
  2343 | D:3      | Reached skill level 5 in Shields
  2343 | D:3      | Reached XP level 6. HP: 32/56 MP: 5/5
  2440 | D:3      | Noticed Grinder
  2450 | D:3      | Paralysed by Grinder for 3 turns
  2456 | D:3      | Paralysed by Grinder for 6 turns
  2468 | D:3      | Killed Grinder
  2468 | D:3      | Reached XP level 7. HP: 29/61 MP: 6/6
  2848 | D:3      | Reached skill level 5 in Long Blades
  3597 | D:5      | Entered Level 5 of the Dungeon
  4123 | D:5      | Found a staircase to the Ecumenical Temple.
  4135 | Temple   | Entered the Ecumenical Temple
  4170 | Temple   | Became a worshipper of Warmaster Okawaru
  4407 | D:5      | Found an ancient bone altar of Kikubaaqudgha.
  4724 | D:6      | Reached XP level 8. HP: 53/71 MP: 7/7
  5150 | D:6      | Reached * piety under Okawaru
  5505 | D:6      | Reached ** piety under Okawaru
  5700 | D:7      | Noticed a slime creature
  5713 | D:7      | Killed a slime creature
  5713 | D:7      | Reached XP level 9. HP: 42/81 MP: 8/8
  6024 | D:7      | Noticed Menkaure
  6028 | D:7      | Killed Menkaure
  6085 | D:7      | Noticed Joseph
  6109 | D:7      | Killed Joseph
  6109 | D:7      | Reached *** piety under Okawaru
  6381 | D:7      | Noticed Pikel
  6397 | D:7      | Killed Pikel
  6397 | D:7      | Reached XP level 10. HP: 62/91 MP: 9/9
  6827 | D:8      | Noticed a hill giant
  6829 | D:8      | Noticed Rohain's ghost (novice TrMo)
  6836 | D:8      | Killed a hill giant
  6836 | D:8      | Reached **** piety under Okawaru
  6853 | D:8      | Killed Rohain's ghost
  6853 | D:8      | Reached skill level 10 in Armour
  7278 | D:8      | Reached skill level 10 in Fighting
  7565 | D:8      | Reached skill level 10 in Shields
  7866 | D:8      | Reached skill level 10 in Long Blades
  8417 | D:8      | Reached ***** piety under Okawaru
  8789 | D:9      | Found a bloodstained altar of Trog.
  8889 | D:9      | Found a burning altar of Makhleb.
  8996 | D:9      | Reached XP level 11. HP: 66/101 MP: 10/10
  9102 | D:9      | HP: 4/101 [killer bee (3)]
  9486 | D:9      | Received a gift from Okawaru
  9596 | D:9      | Found a blossoming altar of Fedhas.
  9598 | D:9      | Noticed an oklob plant
  9598 | D:9      | Noticed an oklob plant
  9605 | D:9      | Splashed by an oklob plant's acid

Vault maps used:
D:1:      matt_arrival_los_fun, corexii_leaking_fountain, st_stairs_8,
          due_unseen_surprise
D:2:      amethyst_overflow_temple_binary, first_bread, kennysheep_potato,
          uniq_robin, uniq_iyjb
D:3:      grunt_ministairs_9, uniq_grinder
D:4:      hangedman_abyss_or_decor_jellyfish_corner, minmay_unequal
D:5:      basic_altar
D:7:      lemuel_slime, dk_noncrumbling_4, uniq_menkaure, uniq_pikel,
          uniq_joseph
D:8:      kennysheep_kobold_camp, serial_curves, eino_curves_04, eino_curves_02,
          eino_curves_04, eino_curves_04, grunt_pizzeria
D:9:      lemuel_crystal_altar, kennysheep_mini_moat, hangedman_tree_tricks,
          makhleb_heckhound_becter
Temple:   dpeg_five_rooms_temple

Skill      XL: |  1  2  3  4  5  6  7  8  9 10 11 |
---------------+----------------------------------+-----
Armour         | 4 5 6 8 9 10 11 | 11.0
Shields        | 4 5 6 7 9 10 | 10.7
Fighting       | 4 5 6 8 9 10 11 | 11.0
Long Blades    | 3 4 6 7 9 10 | 10.8

Action                   |  1- 3 |  4- 6 |  7- 9 | 10-12 || total
-------------------------+-------+-------+-------+-------++-------
Melee: Long sword        |   100 |   143 |   379 |   166 ||   788
       Headbutt          |    11 |    18 |    63 |    84 ||   176
       Scimitar          |       |       |       |   343 ||   343
Invok: Heroism           |       |       |     1 |     1 ||     2
  Use: Scroll            |       |       |    15 |     6 ||    21
       Potion            |       |       |       |     3 ||     3
  Eat: Chunk             |     1 |     3 |    14 |    11 ||    29
       Royal jelly       |       |       |       |     1 ||     1
Armor: Scale mail        |    31 |    67 |   101 |   148 ||   347
Dodge: Dodged            |    25 |    39 |    82 |   114 ||   260
Block: Shield            |    54 |    63 |   172 |   341 ||   630
       Reflection        |       |       |       |    14 ||    14
